 Dungeon Crawl Stone Soup version 0.20.1-1-g8b1a95d (console) character file.

6356 Goblin1989 the Destroyer (level 10, -5/64 HPs)
             Began as a Demonspawn Fire Elementalist on July 6, 2017.
             Was a Priest of Vehumet.
             Killed from afar by Artagas's ghost (20 damage)
             ... with a stone arrow
             ... on level 9 of the Dungeon on July 7, 2017.
             The game lasted 01:28:59 (13679 turns).

Goblin1989 the Destroyer (DsFE)                    Turns: 13679, Time: 01:29:00

Health: -5/64      AC:  8    Str: 17    XL:     10   Next: 65%
Magic:  1/20       EV: 17    Int: 19    God:    Vehumet [***...]
Gold:   542        SH:  0    Dex: 23    Spells: 6/22 levels left

rFire    + . .     SeeInvis +   a - +4 dagger (freeze)
rCold    . . .     Gourm    .   (no shield)
rNeg     . . .     Faith    .   R - +0 leather armour (curse)
rPois    .         Spirit   .   F - +0 helmet
rElec    .         Reflect  .   J - +2 cloak of the Thief {+Fog Slay-2 SInv Stlth+}
rCorr    .         Harm     .   (no gloves)
MR       .....                  (boots unavailable)
Stlth    ++++......             Q - amulet of magic regeneration
Regen    0.2/turn               f - ring of protection from fire
MPRegen  0.3/turn               V - +3 ring of dexterity

@: mighty, agile
A: talons 3, rugged brown scales 1, agile 1, powered by pain 2, strong 1
a: Renounce Religion, Evoke Fog


You were on level 9 of the Dungeon.
You worshipped Vehumet.
Vehumet was most pleased with you.
You were not hungry.

You visited 2 branches of the dungeon, and saw 10 of its levels.

You collected 542 gold pieces.

Inventory:

Hand Weapons
 a - a +4 dagger of freezing (weapon)
 b - a +2 dire flail of crushing
 w - a +3 blowgun {@w1}
Missiles
 x - 5 javelins
 G - 49 poisoned needles
 M - 72 bolts
 N - 2 steel javelins
 X - 355 stones
 Y - 78 sling bullets
 Z - 3 throwing nets (quivered) {!d}
Armour
 F - a +0 helmet (worn)
 J - the +2 cloak of the Thief (worn) {+Fog Slay-2 SInv Stlth+}
   (You found it on level 4 of the Dungeon)

   It affects your accuracy and damage with ranged weapons and melee attacks
   (-2).
   It lets you see invisible.
   It makes you more stealthy.
 R - a cursed +0 leather armour (worn)
Jewellery
 f - a ring of protection from fire (left hand)
 l - an uncursed ring of flight
 p - a +1 ring of evasion
 Q - an amulet of magic regeneration (around neck)
 V - a +3 ring of dexterity (right hand)
Wands
 E - a wand of flame (11/48)
 I - a wand of iceblast (6/15)
 L - a wand of lightning (0/15)
 W - a wand of clouds (3/9) {@v1, !d}
Scrolls
 d - a scroll of immolation {unknown}
 k - 3 scrolls of enchant weapon {unknown}
 m - a scroll of magic mapping {unknown}
 r - 5 scrolls of enchant armour
 y - a scroll of vulnerability {unknown}
 z - 6 scrolls of amnesia {unknown}
 B - 2 scrolls of blinking
 H - a scroll of noise {unknown}
 K - 2 scrolls of remove curse {@r2}
 P - 2 scrolls of fog
 T - 8 scrolls of teleportation {!r, @r3}
 U - a scroll of recharging {unknown}
Potions
 i - a potion of invisibility
 o - a potion of lignification
 s - a potion of magic
 u - 2 potions of berserk rage
 v - a potion of heal wounds
 A - 2 potions of brilliance {unknown}
 C - 4 potions of agility
 D - a potion of degeneration {unknown}
 O - 5 potions of curing {@q1}
 S - 3 potions of mutation {!q}
Books
 j - a book of Geomancy

   Spells                             Type                      Level
   a - Sandblast                      Earth                        1
   b - Passwall                       Transmutation/Earth          2
   c - Stone Arrow                    Conjuration/Earth            3
   d - Petrify                        Transmutation/Earth          4
   e - Lee's Rapid Deconstruction     Earth                        5
 n - a book of Conjurations

   Spells                             Type                      Level
   a - Magic Dart                     Conjuration                  1
   b - Searing Ray                    Conjuration                  2
   c - Dazzling Spray                 Conjuration/Hexes            3
   d - Fulminant Prism                Conjuration/Hexes            4
   e - Force Lance                    Conjuration/Translocation    4
   f - Iskenderun's Mystic Blast      Conjuration                  4
Comestibles
 e - 2 bread rations {@e1}
 g - 2 chunks of flesh
 h - 13 royal jellies
 q - 4 fruits
 t - a meat ration {@e2}


   Skills:
 - Level 1.7 Dodging
 - Level 1.7 Stealth
 + Level 6.7 Spellcasting
 * Level 9.6 Conjurations
 * Level 9.2 Fire Magic
 + Level 5.7 Evocations


You had 6 spell levels left.
You knew the following spells:

 Your Spells              Type           Power        Failure   Level  Hunger
a - Flame Tongue          Conj/Fire      #####        1%          1    None
b - Sticky Flame          Conj/Fire      #####...     1%          4    ####...
c - Inner Flame           Hex/Fire       ###.....     1%          3    ##.....
d - Fireball              Conj/Fire      #####.....   2%          5    #####..
j - Conjure Flame         Conj/Fire      #####...     1%          3    ##.....


Dungeon Overview and Level Annotations

Branches:
Dungeon (9/15)             Temple (1/1) D:5            Lair (0/6) D:8
    Orc (0/2) D:9

Altars:
Ashenzari
Cheibriados
Dithmenos
Elyvilon
Fedhas
Gozag
Hepliaklqana
Kikubaaqudgha
Makhleb
Nemelex Xobeh
Okawaru
Qazlal
Sif Muna
Trog
Uskayaw
Vehumet
Xom
Yredelemnul
Zin
The Shining One

Annotations:
D:9 Artagas's ghost, journeyman GrEE


Innate Abilities, Weirdness & Mutations

You have claws for feet.
You are partially covered in rugged brown scales. (AC +1, +3% HP)
You sometimes gain power by taking damage.
You are agile. (Dex +2)
Your muscles are strong. (Str +2)


Message History

The flame tongue misses Artagas's ghost.
Artagas's ghost casts a spell past you.
The wall shatters!
The blast of rock fragments hits you!
* * * LOW HITPOINT WARNING * * *
You focus on the pain.
You feel agile all of a sudden.
You take 12 damage, and have 28/64 hp.
You now have 13/20 mp.
Casting: Flame Tongue
Confirm with . or Enter, or press ? or * to list all spells.
Aiming: Flame Tongue
Press: ? - help, Shift-Dir - straight line, f/p - Artagas's ghost
Aim: Artagas's ghost, wielding a weapon of freezing (lightly damaged)
The flame tongue hits Artagas's ghost.
Artagas's ghost appears unharmed.
Artagas's ghost is lightly damaged.
You now have 12/20 mp.
Casting: Flame Tongue
Confirm with . or Enter, or press ? or * to list all spells.
Aiming: Flame Tongue
Press: ? - help, Shift-Dir - straight line, f/p - Artagas's ghost
Aim: Artagas's ghost, wielding a weapon of freezing (flame, lightly damaged)
The flame tongue misses Artagas's ghost.
Artagas's ghost is engulfed in blazing flames.
You now have 11/20 mp.
Unknown command.
Casting: Flame Tongue
Confirm with . or Enter, or press ? or * to list all spells.
Aiming: Flame Tongue
Press: ? - help, Shift-Dir - straight line, f/p - Artagas's ghost
Aim: Artagas's ghost, wielding a weapon of freezing (flame, lightly damaged)
The flame tongue hits Artagas's ghost.
Artagas's ghost appears unharmed.
Artagas's ghost is lightly damaged.
Artagas's ghost is engulfed in blazing flames.
Artagas's ghost hits you but does no damage.
Casting: Flame Tongue
Confirm with . or Enter, or press ? or * to list all spells.
Aiming: Flame Tongue
Press: ? - help, Shift-Dir - straight line, f/p - Artagas's ghost
Aim: Artagas's ghost, wielding a weapon of freezing (flame, moderately damaged)
The flame tongue hits Artagas's ghost.
Artagas's ghost is moderately damaged.
Artagas's ghost is engulfed in blazing flames.
Artagas's ghost hits you but does no damage.
You now have 10/20 mp.
Unknown command.
Casting: Flame Tongue
Confirm with . or Enter, or press ? or * to list all spells.
Aiming: Sticky Flame
Press: ? - help, Shift-Dir - straight line, f/p - Artagas's ghost
Aim: Artagas's ghost, wielding a weapon of freezing (flame, heavily damaged)
The sticky flame hits Artagas's ghost.
Artagas's ghost appears unharmed.
Artagas's ghost is heavily damaged.
Artagas's ghost is engulfed in blazing flames.
Artagas's ghost completely misses you.
You now have 6/20 mp.
Casting: Sticky Flame
Confirm with . or Enter, or press ? or * to list all spells.
Aiming: Sticky Flame
Press: ? - help, Shift-Dir - straight line, f/p - Artagas's ghost
Aim: Artagas's ghost, wielding a weapon of freezing (flame, heavily damaged)
The sticky flame hits Artagas's ghost.
Artagas's ghost appears unharmed.
Artagas's ghost is heavily damaged.
Artagas's ghost is engulfed in blazing flames.
Artagas's ghost closely misses you.
You now have 2/20 mp.
Casting: Sticky Flame
Confirm with . or Enter, or press ? or * to list all spells.
Aiming: Flame Tongue
Press: ? - help, Shift-Dir - straight line, f/p - Artagas's ghost
Aim: Artagas's ghost, wielding a weapon of freezing (flame, heavily damaged)
The flame tongue hits Artagas's ghost.
Artagas's ghost appears unharmed.
Artagas's ghost is heavily damaged.
Artagas's ghost misses you.
Casting: Flame Tongue
Confirm with . or Enter, or press ? or * to list all spells.
Aiming: Flame Tongue
Press: ? - help, Shift-Dir - straight line, f/p - Artagas's ghost
Aim: Artagas's ghost, wielding a weapon of freezing (flame, heavily damaged)
The flame tongue hits Artagas's ghost.
Artagas's ghost is heavily damaged.
Artagas's ghost is engulfed in blazing flames.
Artagas's ghost points at you and mumbles some strange words.
The stone arrow hits you!
* * * LOW HITPOINT WARNING * * *
You take 15 damage, and have 14/64 hp.
MASSIVE DAMAGE!!
You now have 1/20 mp.
Casting: Flame Tongue
Confirm with . or Enter, or press ? or * to list all spells.
Aiming: Flame Tongue
Press: ? - help, Shift-Dir - straight line, f/p - Artagas's ghost
Aim: Artagas's ghost, wielding a weapon of freezing (flame, severely damaged)
The flame tongue hits Artagas's ghost.
Artagas's ghost is severely damaged.
Artagas's ghost is engulfed in blazing flames.
Artagas's ghost casts a spell at you. The blast of sand misses you.
You now have 0/20 mp.
Unknown command.
Artagas's ghost is engulfed in blazing flames.
Artagas's ghost casts a spell at you. The stone arrow hits you!
You die...

..█ █.█ ..█ █ .█ ..█ █. .█
..███████.████████.██████
........>................
.........................
█......................█
█...█████████..........██
................@........
.........................
.................W.......
.......██████████.███████
.......█ █§█ .
.......██████████§███████...
..................†..W......
......................r.....
..........................██


You could see Artagas's ghost.

Vanquished Creatures
  2 two-headed ogres (D:8)
  2 hornets (D:8)
  Sigmund (D:3)
  A soldier ant (D:6)
  2 porcupines (D:8)
  2 ice beasts
  4 orc warriors
  2 sky beasts
  3 ogres
  A black bear (D:9)
  3 phantoms
  An eye of draining (D:8)
  4 centaurs
  The ghost of Setanta the Covert, an amateur OpAs (D:3)
  5 bullfrogs
  A big kobold (D:9)
  A gnoll sergeant (D:8)
  A wyvern skeleton (D:8)
  A scorpion (D:8)
  7 wights
  3 crimson imps
  A centaur zombie (D:8)
  4 hounds
  3 jellies
  2 orc priests
  Crazy Yiuf (D:5)
  A centaur skeleton (D:4)
  4 bullfrog skeletons
  3 iguanas
  8 orc wizards
  Ijyb (D:3)
  7 worker ants
  A killer bee zombie (D:8)
  2 hound skeletons
  18 gnolls
  13 adders
  3 shadow imps
  3 oozes (D:1)
  An adder skeleton (D:5)
  2 dart slugs
  5 leopard geckos
  37 orcs
  8 bats
  9 giant cockroaches
  14 goblins
  8 hobgoblins
  4 jackals (D:2)
  7 quokkas
  A ball python skeleton (D:3)
  6 frilled lizards
  7 kobolds
  A leopard gecko skeleton (D:5)
  A quokka zombie (D:7)
  10 rats
244 creatures vanquished.

Notes
Turn   | Place    | Note
-------+----------+-------------------------------------------
     0 | D:1      | Goblin1989 the Demonspawn Fire Elementalist began the quest for the Orb.
     0 | D:1      | Reached XP level 1. HP: 13/13 MP: 3/3
   403 | D:1      | Gained mutation: You have sharp toenails. [demonic ancestry]
   403 | D:1      | Reached XP level 2. HP: 13/19 MP: 0/5
   901 | D:1      | Gained mutation: You sometimes gain a little power by taking damage. [demonic ancestry]
   901 | D:1      | Reached XP level 3. HP: 21/24 MP: 4/6
  1047 | D:1      | Learned a level 3 spell: Conjure Flame
  1902 | D:2      | Gained mutation: You have razor-sharp toenails. [demonic ancestry]
  1902 | D:2      | Reached XP level 4. HP: 30/30 MP: 5/7
  2282 | D:3      | Noticed Setanta's ghost (amateur OpAs)
  2446 | D:3      | Noticed Ijyb
  2969 | D:3      | Killed Ijyb
  2969 | D:3      | Gained mutation: You are partially covered in rugged brown scales. (AC +1, +3% HP) [demonic ancestry]
  2969 | D:3      | Reached XP level 5. HP: 26/36 MP: 3/8
  3072 | D:3      | Killed Setanta's ghost
  3197 | D:3      | Noticed Sigmund
  3862 | D:4      | Reached XP level 6. HP: 40/42 MP: 4/10
  3969 | D:4      | Found a shadowy altar of Dithmenos.
  4048 | D:4      | Learned a level 4 spell: Sticky Flame
  4052 | D:4      | Learned a level 3 spell: Inner Flame
  4982 | D:4      | Found a deep blue altar of Sif Muna.
  5217 | D:5      | Entered Level 5 of the Dungeon
  5231 | D:4      | Reached skill level 5 in Fire Magic
  5613 | D:5      | Found a staircase to the Ecumenical Temple.
  5614 | D:5      | p0werm0de: wtf console?
  5626 | Temple   | Entered the Ecumenical Temple
  5851 | Temple   | Became a worshipper of Vehumet
  6123 | D:5      | Reached XP level 7. HP: 47/47 MP: 10/12
  6296 | D:5      | Reached skill level 5 in Conjurations
  6826 | D:5      | Goblin1989: приветы, рени
  6831 | D:5      | Found a runed door.
  6931 | D:5      | Noticed Crazy Yiuf
  6943 | D:5      | Killed Crazy Yiuf
  7331 | D:6      | Reached skill level 1 in Evocations
  7623 | D:6      | Reached * piety under Vehumet
  7623 | D:6      | Offered knowledge of Freeze by Vehumet.
  7649 | D:6      | Reached XP level 8. HP: 53/53 MP: 9/14
  8146 | D:3      | Killed Sigmund
  9139 | D:6      | Learned a level 5 spell: Fireball
  9446 | D:6      | Reached skill level 5 in Spellcasting
  9446 | D:6      | Reached XP level 9. HP: 58/58 MP: 6/16
  9463 | D:6      | Gained mutation: Your system is resistant to poisons. (rPois) [mutagenic meat]
  9464 | D:6      | Lost mutation: Your system is resistant to poisons. (rPois) [mutagenic meat]
  9465 | D:6      | Gained mutation: You have claws for feet. [mutagenic meat]
  9466 | D:6      | Gained mutation: Your muscles are strong. (Str +2) [mutagenic meat]
  9467 | D:6      | Gained mutation: You are agile. (Dex +2) [mutagenic meat]
  9728 | D:6      | Offered knowledge of Searing Ray by Vehumet.
  9833 | D:6      | Reached ** piety under Vehumet
 10805 | D:8      | Paralysed by a hornet for 3 turns
 11809 | D:8      | Noticed a two-headed ogre
 11822 | D:8      | Killed a two-headed ogre
 11822 | D:8      | Reached skill level 5 in Evocations
 11822 | D:8      | Gained mutation: You sometimes gain power by taking damage. [demonic ancestry]
 11822 | D:8      | Reached XP level 10. HP: 64/64 MP: 8/19
 11928 | D:8      | Noticed a two-headed ogre
 11931 | D:8      | Offered knowledge of Dazzling Spray by Vehumet.
 11942 | D:8      | Killed a two-headed ogre
 12130 | D:8      | Found a staircase to the Lair.
 12376 | D:8      | Reached *** piety under Vehumet
 12978 | D:9      | Found a blossoming altar of Fedhas.
 12980 | D:9      | Found a glowing golden altar of the Shining One.
 12980 | D:9      | Found a burning altar of Makhleb.
 12982 | D:9      | Noticed Artagas's ghost (journeyman GrEE)
 13132 | D:9      | Found a bloodstained altar of Trog.
 13632 | D:9      | Found a staircase to the Orcish Mines.
 13679 | D:9      | Killed from afar by Artagas's ghost

Skill      XL: |  1  2  3  4  5  6  7  8  9 10 |
---------------+-------------------------------+-----
Fire Magic     | 3 4 5 7 8 9 |  9.2
Conjurations   | 2 3 4 5 7 8 9 |  9.6
Spellcasting   | 3 4 5 6 |  6.7
Evocations     | 1 3 5 |  5.7
Dodging        | |  1.7
Stealth        | |  1.7

Action                   |  1- 3 |  4- 6 |  7- 9 | 10-12 || total
-------------------------+-------+-------+-------+-------++-------
Melee: Unarmed           |    19 |       |       |       ||    19
       Club              |     4 |     4 |       |       ||     8
       Kick              |       |     4 |    16 |     1 ||    21
       Dagger            |       |    13 |    24 |     1 ||    38
       Quarterstaff      |       |       |    36 |       ||    36
 Cast: Flame Tongue      |    69 |   155 |   292 |   141 ||   657
       Conjure Flame     |     1 |     2 |     8 |    10 ||    21
       Sticky Flame      |       |       |    12 |     7 ||    19
       Inner Flame       |       |       |     3 |     6 ||     9
       Fireball          |       |       |       |     1 ||     1
 Abil: Evoke Fog         |       |       |       |     1 ||     1
Evoke: Wand              |       |       |     6 |     1 ||     7
  Use: Scroll            |       |     7 |     5 |       ||    12
       Potion            |       |     2 |     2 |       ||     4
  Eat: Chunk             |     4 |    14 |    19 |     7 ||    44
       Fruit             |       |       |     2 |       ||     2
       Bread ration      |       |       |     1 |       ||     1
Armor: Robe              |    10 |    22 |    45 |       ||    77
       Skin              |       |       |    18 |       ||    18
       Leather armour    |       |       |     7 |    15 ||    22
Dodge: Dodged            |    41 |    66 |   120 |    41 ||   268

Vault maps used:
D:1:      mushboom_english_gardens, minmay_fountain_box
D:3:      uniq_ijyb, uniq_sigmund
D:4:      led_sif_pool, nicolae_dithmenos_through_a_glass_darkly
D:5:      minmay_temple_entry_mist, first_bread, uniq_crazy_yiuf_cottage
D:6:      kennysheep_six_static_rooms
D:8:      grunt_lair_entry_orc_guard_hut, hangedman_pestilent_swarm
D:9:      grunt_temple_overflow_open, orc_0_dummy
Temple:   regret_index_temple_generic_petals
